 Dungeon Crawl Stone Soup version 0.29.0-5-ge4962eb29e (webtiles) character file.

Game seed: 5024930865543264675

297 slphil the Magician (level 6, -3/41 HPs)
             Began as a Mummy Necromancer on Aug 30, 2022.
             Slain by a bullfrog zombie (5 damage)
             ... on level 4 of the Dungeon.
             The game lasted 00:07:17 (2747 turns).

slphil the Magician (Mummy Necromancer)             Turns: 2747, Time: 00:07:17

Health: -3/41      AC:  3    Str: 11    XL:     6   Next: 12%
Magic:  14/14      EV: 12    Int: 17    God:
Gold:   130        SH:  0    Dex: 18    Spells: 6/16 levels left

rFire   x . .      SeeInvis .   m - +2 dagger (drain)
rCold   + . .      Faith    .   (no shield)
rNeg    + + +      Spirit   .   a - +0 robe
rPois   ∞          Reflect  .   (no helmet)
rElec   .          Harm     .   r - +0 cloak
rCorr   .          Rampage  .   (no gloves)
Will    .....                   (no boots)
Stlth   ++........              b - amulet of magic regeneration
HPRegen 0.13/turn               q - +6 ring of dexterity
MPRegen 0.54/turn               (no ring)

@: on blink cooldown
A: cold resistance 1, negative energy resistance 3, torment resistance 2, heat
vulnerability 1, in touch with death 1, no potions
a: no special abilities


You were on level 4 of the Dungeon.
You visited 1 branch of the dungeon, and saw 4 of its levels.

You collected 130 gold pieces.

Inventory:

Hand Weapons
 d - a +0 whip
 m - a +2 dagger of draining (weapon)
Missiles
 n - a throwing net
Armour
 a - a +0 robe (worn)
 r - a +0 cloak (worn)
Jewellery
 b - an amulet of magic regeneration (around neck)
 p - an amulet of guardian spirit
 q - a +6 ring of dexterity (left hand)
Scrolls
 c - a scroll of butterflies {unknown}
 e - a scroll of magic mapping {unknown}
 f - a scroll of vulnerability {unknown}
 g - a scroll of torment {unknown}
 h - a scroll of blinking {unknown}
 i - 4 scrolls of teleportation {unknown}
 j - a scroll of enchant armour {unknown}
 k - a scroll of fear {unknown}
 l - 2 scrolls of identify {unknown}
 o - a scroll of enchant weapon {unknown}
 s - a scroll of poison {unknown}
 t - a scroll of immolation {unknown}


   Skills:
 - Level 1.5 Dodging
 - Level 1.5 Stealth
 + Level 5.9 Spellcasting
 + Level 5.9 Necromancy


You had 6 spell levels left.
You knew the following spells:

 Your Spells              Type           Power      Damage    Failure   Level
a - Necrotise             Necr           100%       1d9       1%          1
b - Vampiric Draining     Necr           38%        2d8       3%          3
c - Animate Dead          Necr           38%        N/A       11%         4
d - Blink                 Tloc           10%        N/A       21%         2

Your spell library contained the following spells:

 Spells                   Type           Power      Damage    Failure   Level
 Apportation              Tloc           10%        N/A       13%         1
 Magic Dart               Conj           20%        1d4       13%         1
 Call Imp                 Summ           5%         N/A       21%         2
 Searing Ray              Conj           10%        2d4       21%         2
 Agony                    Necr           38%        N/A       30%         5
 Lesser Beckoning         Tloc           5%         N/A       36%         3
 Mephitic Cloud           Conj/Pois/Air  5%         N/A       36%         3
 Fulminant Prism          Conj/Hex       2%         3d6       78%         4
 Alistair's Intoxication  Tmut/Pois      3%         N/A       98%         5
 Manifold Assault         Tloc           5%         N/A       98%         5


Dungeon Overview and Level Annotations

Branches:
Dungeon (4/15)
 Temple: D:4-7

Altars:
Nemelex Xobeh
Okawaru

Shops:
D:3 *

Annotations:
D:1 1 transporter
D:3 Setbun's ghost, amateur DjIE


Innate Abilities, Weirdness & Mutations

You are immune to poison.
Your flesh is cold resistant. (rC+)
You are immune to negative energy. (rN+++)
You are immune to unholy pain and torment.
You are vulnerable to heat. (rF-)
You are in touch with the powers of death.
You do not drink.


Message History

The bullfrog zombie attacks as you move away!
The bullfrog zombie hits you but does no damage.
The bullfrog zombie attacks as you move away!
The bullfrog zombie misses you.
The bullfrog zombie attacks as you move away!
The bullfrog zombie hits you.
The bullfrog zombie completely misses you.
The bullfrog zombie hits you but does no damage.
The bullfrog zombie barely misses you.
You feel stable enough to blink again. The bullfrog zombie closely misses you.
The bullfrog zombie misses you.
Casting: Blink (safe; 21% risk of failure)
Confirm with . or Enter, or press ? or * to list all spells.
You blink.
The bullfrog zombie barely misses you. The bullfrog zombie misses you.
The howler monkey skeleton barely misses you.
The bullfrog zombie attacks as you move away!
The bullfrog zombie closely misses you.
The bullfrog zombie hits you but does no damage. x2
The bullfrog zombie hits you. The howler monkey skeleton hits you.
* * * LOW HITPOINT WARNING * * *
The bullfrog zombie attacks as you move away!
The bullfrog zombie hits you.
* * * LOW HITPOINT WARNING * * *
The howler monkey skeleton completely misses you.
The bullfrog zombie attacks as you move away!
The bullfrog zombie barely misses you.
The bullfrog zombie attacks as you move away!
The bullfrog zombie hits you but does no damage.
The bullfrog zombie attacks as you move away!
The bullfrog zombie barely misses you. The bullfrog zombie misses you.
The bullfrog zombie hits you.
* * * LOW HITPOINT WARNING * * *
The bullfrog zombie attacks as you move away!
The bullfrog zombie hits you.
* * * LOW HITPOINT WARNING * * *
Okay, then.
The bullfrog zombie attacks as you move away!
The bullfrog zombie hits you.
You die...

#.....#...#....#.....#...........
#.....#...#....#.....#...........
#.....#...#....#.....#...........
#.....#...'....#.....#....)......
###+###...##...#.>...###)###.....
#...##...####........#.....
#....#...Z..#........######
#....#...ZZ.#.)............
#....#....@.#..............
#....#......#..............
.....#......)).............
#......#..............
####'###########......
............... +......
............... .......
####........... ###..####+#.


You could see 2 bullfrog zombies and a howler monkey skeleton.

Vanquished Creatures
  2 orc priests (D:4)
  An iguana (D:3)
  Terence (D:2)
  An orc wizard (D:4)
  4 gnolls (D:2)
  2 adders (D:2)
  An adder skeleton (D:4)
  A worm (D:2)
  3 dart slugs
  4 orcs
  2 ball pythons
  8 bats
  2 endoplasms (D:1)
  4 giant cockroaches
  7 goblins
  6 hobgoblins
  4 jackals (D:3)
  9 quokkas
  2 frilled lizards (D:1)
  10 kobolds
  8 rats
82 creatures vanquished.

Vanquished Creatures (collateral kills)
  A dart slug (D:1)
  A bat (D:1)
  2 endoplasms
  A ball python (D:1)
5 creatures vanquished.

Grand Total: 87 creatures vanquished

Notes
Turn   | Place    | Note
-------+----------+-------------------------------------------
     0 | D:1      | slphil the Mummy Necromancer began the quest for the Orb.
     0 | D:1      | Reached XP level 1. HP: 13/13 MP: 4/4
   105 | D:1      | Reached XP level 2. HP: 19/19 MP: 3/6
   279 | D:1      | Gained mutation: You are in touch with the powers of death.
                  | [Mummy growth]
   279 | D:1      | Reached XP level 3. HP: 24/24 MP: 4/8
   617 | D:2      | Found a sparkling altar of Nemelex Xobeh.
   866 | D:2      | Reached XP level 4. HP: 30/30 MP: 8/10
  1004 | D:2      | Found a faded altar of an unknown god.
  1094 | D:2      | Learned a level 3 spell: Vampiric Draining
  1099 | D:2      | Learned a level 4 spell: Animate Dead
  1102 | D:2      | Learned a level 2 spell: Blink
  1224 | D:2      | Reached skill level 5 in Necromancy
  1474 | D:2      | Noticed Terence
  1480 | D:2      | Killed Terence
  1481 | D:2      | Reached skill level 5 in Spellcasting
  1481 | D:2      | Reached XP level 5. HP: 35/35 MP: 7/12
  1828 | D:3      | Found a large runed translucent door.
  1835 | D:3      | Found a large runed translucent door.
  1903 | D:3      | Found a large runed translucent door.
  1903 | D:3      | Found a large runed translucent door.
  1907 | D:3      | Noticed Setbun's ghost (amateur DjIE)
  2001 | D:3      | Found Husuxt's Assorted Antiques.
  2096 | D:3      | Found a sparkling altar of Nemelex Xobeh.
  2313 | D:3      | Found an iron altar of Okawaru.
  2617 | D:4      | Reached XP level 6. HP: 23/41 MP: 10/14
  2746 | D:4      | HP: 2/41 [bullfrog zombie (3)]
  2747 | D:4      | Slain by a bullfrog zombie

Illustrated notes

Levels and vault maps discovered:
D:1:      spicycebolla_arrival_transporter_tutorial, layout_basic
D:2:      layout_basic, shapermc_ecumenical_altar_notcrosses, serial_forest,
          infiniplex_forest_straight_3, infiniplex_forest_end_2,
          infiniplex_forest_split, infiniplex_forest_zigzag_2,
          infiniplex_forest_clump_curved, infiniplex_forest_corner_1,
          basic_altar, uniq_terence
D:3:      layout_loops_cross, nemelex_diamond_rough_becter,
          jmf_multi_god_temple2, serial_shops, nicolae_shop_statue_plus,
          ebering_ghost_disaster_area
D:4:      layout_gridville, minmay_temple_entry_statues_fountains,
          serial_undead, serial_undead_d, serial_undead_b, serial_undead_b,
          serial_undead_f

Skill      XL: |  1  2  3  4 |
---------------+-------------+-----
Spellcasting   | 3 4 5 |  5.9
Necromancy     | 5 |  5.9
Dodging        | |  1.5
Stealth        | |  1.5

Action                   |  1- 3 |  4- 6 || total
-------------------------+-------+-------++-------
Melee: Whip              |     1 |       ||     1
       Dagger            |       |     7 ||     7
 Cast: Necrotise         |    77 |    79 ||   156
       Vampiric Draining |       |     3 ||     3
       Blink             |       |     4 ||     4
Armor: Robe              |     2 |    11 ||    13
Dodge: Dodged            |     7 |    37 ||    44
